 Dungeon Crawl Stone Soup version 0.31.0-11-ge490571c62 (webtiles) character file.

Game seed: 7883973024712509109

15349 Bobbunny the Warrior (level 12, -5/125 HPs)
             Began as a Minotaur Monk on Jan 27, 2024.
             Was the Champion of Okawaru.
             Slain by a lindwurm (7 damage)
             ... on level 1 of the Lair of Beasts.
             The game lasted 00:12:33 (10128 turns).

Bobbunny the Warrior (Minotaur Monk)               Turns: 10128, Time: 00:12:34

Health: -5/125     AC: 15    Str: 19    XL:     12   Next: 0%
Magic:  14/14      EV: 10    Int:  6    God:    Okawaru [******]
Gold:   884        SH:  9    Dex: 15    Spells: 11/11 levels left

rFire   + . .        n - +1 hand axe (venom)
rCold   . . .        a - +0 kite shield
rNeg    + . .        j - +0 plate armour "Damnable Contraption" {Rampage rElec rCorr}
rPois   +            (helmet restricted)
rElec   +            s - +2 ratskin cloak {*Rats rPois rN+ Str-1 Int-1 Dex+1}
rCorr   +            (no gloves)
SInv    .            N - +1 pair of boots
Will    .....        M - amulet of regeneration Stlth
                     k - +5 ring of evasion
HPRegen 1.20/turn    H - ring of protection from fire
MPRegen 0.14/turn

%: rampage
@: no status effects
A: horns 2, retaliatory headbutt
a: Renounce Religion, Heroism, Finesse, Duel, Receive Weapon, Receive Armour


You were on level 1 of the Lair of Beasts.
You worshipped Okawaru.
Okawaru was exalted by your worship.
You visited 3 branches of the dungeon, and saw 12 of its levels.

You collected 884 gold pieces.

Inventory:

Hand Weapons
 i - a +0 war axe
 n - a +1 hand axe of venom (weapon)
Missiles
 f - 3 poisoned darts
 o - 18 boomerangs (quivered)
 r - 9 javelins
 L - 2 silver javelins
Armour
 a - a +0 kite shield (worn)
 j - the +0 plate armour "Damnable Contraption" (worn) {Rampage rElec rCorr}
   (You found it on level 3 of the Dungeon)

   rElec:     It insulates you from electricity.
   rCorr:     It protects you from acid and corrosion.
   Rampage:   It bestows one free step when moving towards enemies.
 s - the +2 ratskin cloak (worn) {*Rats rPois rN+ Str-1 Int-1 Dex+1}
   (You found it on level 3 of the Dungeon)

   *Rats:     When the wearer is hurt, rats may emerge from it to assist them.
   Str-1:     It affects your strength (-1).
   Int-1:     It affects your intelligence (-1).
   Dex+1:     It affects your dexterity (+1).
   rPois:     It protects you from poison rN+: It protects you from negative
   energy.
 K - +0 fire dragon scales
 N - a +1 pair of boots (worn)
Jewellery
 k - a +5 ring of evasion (left hand)
 H - a ring of protection from fire (right hand)
 M - an amulet of regeneration (around neck)
Wands
 t - a wand of flame (38)
 u - a wand of mindburst (27)
 w - a wand of paralysis (9)
 C - a wand of iceblast (11)
 D - a wand of polymorph (13)
Scrolls
 d - a scroll of enchant armour
 g - a scroll of enchant weapon
 h - 4 scrolls of immolation
 x - 2 scrolls of brand weapon
 y - 2 scrolls of fog
 A - a scroll of teleportation
 I - a scroll of noise
 J - a scroll of vulnerability
Potions
 m - a potion of lignification
 p - 3 potions of might
 q - a potion of brilliance
 z - 2 potions of enlightenment
 E - 4 potions of attraction
 F - a potion of curing


   Skills:
 + Level 17.3 Fighting
 - Level 12.0 Axes
 - Level 6.0 Throwing
 - Level 3.2 Dodging
 - Level 5.0 Shields
 - Level 5.0 Invocations


You had 11 spell levels left.
You didn't know any spells.
Your spell library contained the following spells:

 Spells                   Type           Power      Damage    Failure   Level
 Shock                    Conj/Air       0%         1d3       100%        1
 Sublimation of Blood     Necr           0%         N/A       100%        2
 Swiftness                Air            0%         N/A       100%        3
 Airstrike                Air            0%         2d(0-16)  100%        4
 Anguish                  Hex/Necr       0%         N/A       100%        4
 Cause Fear               Hex            0%         N/A       100%        4
 Passage of Golubria      Tloc           0%         N/A       100%        4
 Petrify                  Alch/Erth      0%         N/A       100%        4
 Irradiate                Conj/Alch      0%         3d11      100%        5
 Silence                  Hex/Air        0%         N/A       100%        5
 Enfeeble                 Hex            0%         N/A       100%        7
 Orb of Destruction       Conj           0%         9d5       100%        7
 Lehudib's Crystal Spear  Conj/Erth      0%         10d2      100%        8
 Summon Blazeheart Golem  Fire/Summ      Unusable   N/A       N/A         4
 Spellforged Servitor     Conj/Summ      Unusable   N/A       N/A         7

Dungeon Overview and Level Annotations

Branches:
Dungeon (10/15)            Temple (1/1) D:4            Lair (1/5) D:9
    Orc: D:9-12

Altars:
Ashenzari
Cheibriados
Dithmenos
Elyvilon
Fedhas
Gozag
Hepliaklqana
Kikubaaqudgha
Makhleb
Nemelex Xobeh
Okawaru
Qazlal
Ru
Sif Muna
Trog
Uskayaw
Vehumet
Wu Jian
Xom
Yredelemnul
Zin
The Shining One

Shops:
D:4 (*

Annotations:
D:5 3 runed translucent doors, Rem's ghost, novice OpCj


Innate Abilities, Weirdness & Mutations

You have a pair of horns on your head.
You reflexively headbutt those who attack you in melee.


Message History

The cane toad stings you but does no damage.
The cane toad stings you!
* * * LOW HITPOINT WARNING * * *
It was a potion of invisibility.
You fade into invisibility!
The cane toad stings you but does no damage.
You block the cane toad's attack.
It was a potion of haste.
You feel yourself speed up.
The cane toad looks more healthy.
The cane toad stings you!
* * * LOW HITPOINT WARNING * * *
The cane toad stings you.
* * * LOW HITPOINT WARNING * * *
The lindwurm bites you but does no damage.
The lindwurm claws you but does no damage. x2
There are monsters nearby!
It was a potion of cancellation.
Your magical effects are unravelling.
You feel magically purged.
You feel less wooden.
The +2 ratskin cloak {*Rats rPois rN+ Str-1 Int-1 Dex+1} unmelds from your body.
Your +1 pair of boots unmelds from your body.
The +0 plate armour "Damnable Contraption" {Rampage rElec rCorr} unmelds from your body.
You feel yourself slow down.
You flicker back into view.
You feel a little less mighty now. You block the cane toad's attack. x2
It was a potion of heal wounds.
You feel much better. You block the cane toad's attack. x2
The lindwurm bites you but does no damage.
You block the lindwurm's attack. The lindwurm claws you.
* * * LOW HITPOINT WARNING * * *
The cane toad stings you!
* * * LOW HITPOINT WARNING * * *
You hit the lindwurm but do no damage.
The lindwurm looks as sick as possible!
You headbutt the lindwurm.
The lindwurm is severely wounded.
You hit the cane toad but do no damage. You hit the cane toad.
You block the cane toad's attack. The lindwurm bites you.
* * * LOW HITPOINT WARNING * * *
The lindwurm claws you!
You die...

♣♣♣♣
♣♣♣♣♣♣♣♣♣♣♣♣♣♣♣♣≈)$♣♣
♣≈≈......♣♣...≈F...=♣♣
.......#.♣..≈..♣....(♣
<.#.♣≈...♣..≈.♣......♣♣
....≈♣≈.....≈♣..♣F....♣
.>...≈♣#..♣.≈.♣F@k...♣♣
......#♣#...≈..♣....(♣
≈≈≈....#♣.....≈≈≈$$♣♣♣
.♣..♣♣♣♣♣♣♣♣♣♣♣♣♣♣♣♣
...♣# ####
♣...♣♣♣♣♣♣≈P♣♣♣♣♣♣♣♣♣
#♣...≈♣≈..§§≈♣..♣♣..♣♣
♣....≈..§.≈♣≈......≈♣♣
♣.≈.....§#♣≈....≈≈...♣


You could see a lindwurm (extremely poisoned) and 2 cane toads.

Vanquished Creatures
  A catoblepas (Lair:1)
  Pikel (D:4)
  An oklob plant (Lair:1)
  A black mamba (Lair:1)
  Joseph (D:7)
  2 cane toads (Lair:1)
  3 rime drakes (Lair:1)
  5 komodo dragons
  A polar bear (Lair:1)
  Grinder (D:5)
  A hornet (D:10)
  8 blink frogs (Lair:1)
  2 shadows (D:10)
  Sigmund (D:6)
  Eustachio (D:4)
  5 wyverns
  14 yaks
  A steam dragon (D:9)
  8 basilisks
  Edmund (D:5)
  Duvessa (D:4)
  Menkaure (D:5)
  3 acid dragons
  A water moccasin (D:7)
  3 orc warriors
  A sky beast (D:6)
  2 black bears (Lair:1)
  3 ice beasts (D:6)
  An ogre (D:4)
  2 centaurs
  A lemure (D:4)
  6 bullfrogs
  Dowan (D:4)
  7 killer bees
  3 howler monkeys
  A bombardier beetle (D:4)
  4 jellies
  6 hounds
  A gnoll bouda (D:5)
  8 orc priests
  2 iguanas
  A sleepcap (D:6)
  Ijyb (D:4)
  13 orc wizards
  A scorpion zombie (D:5)
  A killer bee zombie (D:5)
  6 gnolls
  10 adders
  A white imp (D:5)
  2 ufetubi (D:6)
  A dart slug (D:2)
  3 ribbon worms (D:4)
  35 orcs
  8 endoplasms
  7 goblins
  6 hobgoblins
  3 jackals (D:1)
  5 quokkas
  6 ball pythons
  7 bats
  2 frilled lizards
  5 kobolds
  A rat (D:1)
242 creatures vanquished.

Vanquished Creatures (collateral kills)
  A hobgoblin (D:4)
1 creature vanquished.

Vanquished Creatures (others)
  A bullfrog (D:7)
1 creature vanquished.

Grand Total: 244 creatures vanquished

Notes
Turn   | Place    | Note
-------+----------+-------------------------------------------
     0 | D:1      | Bobbunny the Minotaur Monk began the quest for the Orb.
     0 | D:1      | Reached XP level 1. HP: 19/19 MP: 0/0
   131 | D:1      | Reached skill level 4 in Fighting
   131 | D:1      | Reached XP level 2. HP: 26/27 MP: 1/1
   675 | D:2      | Reached XP level 3. HP: 34/34 MP: 2/2
  1598 | D:3      | Identified the +0 plate armour "Damnable Contraption"
                  | {Rampage rElec rCorr}
  1733 | D:3      | Reached skill level 5 in Fighting
  1733 | D:3      | Reached skill level 5 in Axes
  1733 | D:3      | Reached XP level 4. HP: 9/42 MP: 3/3
  1955 | D:3      | Found the +2 ratskin cloak {*Rats rPois rN+ Str-1 Int-1
                  | Dex+1}
  2319 | D:4      | Noticed Duvessa
  2319 | D:4      | Noticed Dowan
  2326 | D:4      | Killed Dowan
  2327 | D:4      | Reached skill level 6 in Fighting
  2327 | D:4      | Reached XP level 5. HP: 47/50 MP: 4/4
  2335 | D:4      | Killed Duvessa
  2336 | D:4      | Reached XP level 6. HP: 39/58 MP: 5/5
  2433 | D:4      | Noticed Eustachio
  2444 | D:4      | Killed Eustachio
  2445 | D:4      | Reached skill level 1 in Throwing
  2451 | D:4      | Found a blossoming altar of Fedhas.
  2466 | D:4      | Found an opulent altar of Gozag.
  2468 | D:4      | Found Gozag's Platinum Reserve.
  2475 | D:4      | Reached skill level 7 in Fighting
  2475 | D:4      | Reached XP level 7. HP: 63/66 MP: 6/6
  2552 | D:4      | Found a hazy altar of Hepliaklqana.
  2553 | D:4      | Noticed Ijyb
  2562 | D:4      | Killed Ijyb
  2659 | D:4      | Found a staircase to the Ecumenical Temple.
  2697 | Temple   | Entered the Ecumenical Temple
  2715 | Temple   | Became a worshipper of Warmaster Okawaru
  2715 | Temple   | Reached * piety under Okawaru
  2715 | Temple   | Reached ** piety under Okawaru
  2877 | D:4      | Found Usion's Weapon Emporium.
  2877 | D:4      | Noticed Pikel
  2884 | D:4      | Paralysed by Pikel for 3 turns
  2889 | D:4      | Killed Pikel
  2890 | D:4      | Reached skill level 8 in Fighting
  2890 | D:4      | Reached XP level 8. HP: 30/74 MP: 7/7
  3492 | D:5      | Entered Level 5 of the Dungeon
  3512 | D:5      | Noticed Edmund
  3529 | D:5      | Killed Edmund
  3693 | D:5      | Noticed Grinder
  3700 | D:5      | Killed Grinder
  3700 | D:5      | Reached *** piety under Okawaru
  3701 | D:5      | Reached skill level 9 in Fighting
  3701 | D:5      | Reached skill level 5 in Throwing
  3781 | D:5      | Found a runed translucent gate.
  3781 | D:5      | Found a runed translucent gate.
  3781 | D:5      | Found a runed translucent gate.
  3781 | D:5      | Noticed Rem's ghost (novice OpCj)
  3785 | D:5      | Found a basalt altar of Yredelemnul.
  3852 | D:5      | Found a sacrificial altar of Ru.
  3921 | D:5      | Noticed Menkaure
  3927 | D:5      | Killed Menkaure
  4206 | D:5      | Reached XP level 9. HP: 84/84 MP: 8/8
  4680 | D:6      | Noticed Sigmund
  4687 | D:6      | Killed Sigmund
  4726 | D:6      | Reached **** piety under Okawaru
  4741 | D:6      | Reached skill level 10 in Fighting
  4979 | D:6      | Reached skill level 10 in Axes
  5189 | D:6      | Found a shadowy altar of Dithmenos.
  5191 | D:6      | Found a bloodstained altar of Trog.
  5195 | D:6      | Found a glowing golden altar of the Shining One.
  5199 | D:6      | Found a shimmering blue altar of Sif Muna.
  5246 | D:6      | Found an ornate altar of the Wu Jian Council.
  5598 | D:7      | Noticed Joseph
  5616 | D:7      | Killed Joseph
  5780 | D:7      | Reached skill level 11 in Fighting
  5946 | D:7      | Found a hide-covered altar of Uskayaw.
  6966 | D:9      | Reached XP level 10. HP: 96/96 MP: 9/9
  6991 | D:9      | Reached skill level 1 in Shields
  7057 | D:9      | Reached ***** piety under Okawaru
  7058 | D:9      | Reached skill level 1 in Invocations
  7578 | D:9      | Found a glowing silver altar of Zin.
  7822 | D:9      | Reached skill level 12 in Fighting
  7851 | D:9      | Found a staircase to the Lair.
  8066 | D:10     | Entered Level 10 of the Dungeon
  8094 | D:10     | Received a gift from Okawaru
  8321 | D:10     | Identified the maw talisman of Impatience {rF+ rC- Str+3
                  | Dex+2}
  8362 | D:10     | Reached skill level 5 in Shields
  8651 | D:10     | Found a sparkling altar of Nemelex Xobeh.
  8859 | Lair:1   | Entered Level 1 of the Lair of Beasts
  8882 | Lair:1   | Reached skill level 13 in Fighting
  8882 | Lair:1   | Reached skill level 5 in Invocations
  8882 | Lair:1   | Reached XP level 11. HP: 28/107 MP: 13/13
  8989 | Lair:1   | Reached skill level 14 in Fighting
  9018 | Lair:1   | Noticed a catoblepas
  9163 | Lair:1   | Killed a catoblepas
  9163 | Lair:1   | Received a gift from Okawaru
  9241 | Lair:1   | Reached skill level 15 in Fighting
  9318 | Lair:1   | Reached skill level 16 in Fighting
  9369 | Lair:1   | Noticed an oklob plant
  9706 | Lair:1   | Reached ****** piety under Okawaru
  9711 | Lair:1   | Received a gift from Okawaru
  9712 | Lair:1   | Reached skill level 17 in Fighting
  9898 | Lair:1   | Killed an oklob plant
 10100 | Lair:1   | Noticed a lindwurm
 10106 | Lair:1   | Reached XP level 12. HP: 89/125 MP: 14/14
 10125 | Lair:1   | HP: 5/187 [cane toad (12)]
 10125 | Lair:1   | HP: 2/187 [cane toad (3)]
 10128 | Lair:1   | Slain by a lindwurm

Illustrated notes

Levels and vault maps discovered:
D:1:      dpeg_arrival_round_c, layout_loops_ring
D:2:      layout_loops_corners, minivault_27
D:3:      layout_basic
D:4:      layout_basic, overflow_temple_1_default, marbit_many_paths,
          nicolae_gozag_zags_fifth_avenue, minmay_temple_entry_stoned_glass,
          serial_shops, nicolae_shop_bloodbath_and_beyond, minmay_hedge_maze,
          kennysheep_generic_room_2, uniq_ijyb, uniq_eustachio, uniq_pikel,
          uniq_duvessa
D:5:      layout_loops_cross, nicolae_ru_great_annihilating_truth,
          nicolae_yredelemnul_ghost_church, uniq_menkaure, uniq_grinder,
          uniq_edmund
D:6:      layout_loops_corners, minitemple, nzn_wu_jian_contemplation,
          uniq_sigmund
D:7:      layout_basic, kennysheep_little_box, uniq_joseph
D:8:      layout_cave_pools
D:9:      layout_loops_ring, zin_scriptorium, erik_lair_dragon, serial_glass,
          glass_columns_c, glass_columns_c, glass_columns_a, glass_columns_b,
          glass_columns_a, glass_columns_c
D:10:     layout_long_grid, mainiacjoe_overflow_chevrons
Temple:   hellmonk_temple_forest_ring
Lair:1:   regret_index_malice_mire, layout_hall_layers, minmay_lair_oklob_bushes

Skill      XL: |  1  2  3  4  5  6  7  8  9 10 11 |
---------------+----------------------------------+-----
Fighting       | 4 5 6 7 8 9 11 13 17 | 17.3
Axes           | 4 5 6 7 8 9 11 12 | 12.0
Throwing       | 1 3 5 6 |  6.0
Shields        | 5 |  5.0
Invocations    | 5 |  5.0
Dodging        | |  3.2

Action                     |  1- 3 |  4- 6 |  7- 9 | 10-12 || total
---------------------------+-------+-------+-------+-------++-------
  Melee: Hand axe          |    45 |    43 |   367 |   319 ||   774
         Headbutt          |    14 |    11 |    85 |   109 ||   219
         War axe           |    39 |     8 |    13 |    43 ||   103
  Throw: Boomerang         |       |       |       |    19 ||    19
 Invoke: Heroism           |       |       |       |     2 ||     2
  Evoke: Wand              |       |       |     2 |       ||     2
    Use: Scroll            |       |       |    10 |     7 ||    17
         Potion            |       |       |       |     9 ||     9
   Stab: Petrified         |       |       |       |     4 ||     4
         Petrifying        |       |       |       |     1 ||     1
 Armour: Robe              |    13 |       |       |       ||    13
         Fire dragon scale |    40 |       |       |       ||    40
         Plate armour      |    24 |    35 |   174 |   296 ||   529
         Skin              |       |       |       |     8 ||     8
  Dodge: Dodged            |    30 |    20 |    91 |    97 ||   238
  Block: Kite shield       |    10 |    17 |    96 |   145 ||   268
